 Dungeon Crawl Stone Soup version 0.28-a0-479-g5baa6b73be (webtiles) character file.

Game seed: 6354839361146112471

420 Squid the Cudgeller (level 6, -20/56 HPs)
             Began as a Minotaur Berserker on Sept 17, 2021.
             Was a Believer of Trog.
             Killed by an exploding centaur zombie (27 damage)
             ... ignited by their inner flame
             ... on level 4 of the Dungeon.
             The game lasted 00:08:01 (4573 turns).

Squid the Cudgeller (Minotaur Berserker)            Turns: 4573, Time: 00:08:04

Health: -20/56     AC:  8    Str: 24    XL:     6   Next: 62%
Magic:  5/5        EV: 11    Int:  4    God:    Trog [**....]
Gold:   238        SH:  3    Dex:  9    Spells: 5/5 levels left

rFire   . . .      SeeInvis .   e - +4 whip (venom)
rCold   . . .      Faith    .   g - +0 buckler
rNeg    . . .      Spirit   .   c - +0 ring mail
rPois   .          Reflect  .   (helmet restricted)
rElec   .          Harm     .   (no cloak)
rCorr   .          Rampage  .   l - +1 pair of gloves
Will    ++...                   (no boots)
Stlth   ..........              (no amulet)
HPRegen 1.18/turn               a - ring of fire
MPRegen 0.09/turn               h - ring of ice

@: strong-willed, on berserk cooldown, regenerating, slowed, very slow
A: horns 2, retaliatory headbutt
a: Renounce Religion, Berserk, Trog's Hand


You were on level 4 of the Dungeon.
You worshipped Trog.
Trog was pleased with you.
You visited 1 branch of the dungeon, and saw 5 of its levels.

You collected 238 gold pieces.

Inventory:

Hand Weapons
 e - a +4 whip of venom (weapon)
Armour
 c - a +0 ring mail (worn)
 g - a +0 buckler (worn)
 l - a +1 pair of gloves (worn)
Jewellery
 a - a ring of fire (left hand)
 h - a ring of ice (right hand)
Wands
 f - a wand of iceblast (8)
 k - a wand of flame (12)
Scrolls
 b - a scroll of identify
 j - a scroll of amnesia


   Skills:
 + Level 5.2 Fighting
 + Level 6.2 Maces & Flails
 + Level 5.2 Armour
 + Level 3.2 Dodging
 + Level 0.1 Shields


You had 5 spell levels left.
You didn't know any spells.
Your spell library was empty.

Dungeon Overview and Level Annotations

Branches:
Dungeon (5/15)
 Temple: D:4-7

Altars:
Dithmenos
Elyvilon
Gozag
Sif Muna
Wu Jian


Innate Abilities, Weirdness & Mutations

You have a pair of horns on your head.
You reflexively headbutt those who attack you in melee.


Message History

The gnoll barely misses you. The gnoll hits you with a +0 flail.
* * * LOW HITPOINT WARNING * * *
You block the gnoll's attack. The centaur zombie closely misses you.
The centaur zombie kicks you but does no damage.
The gnoll hits you from afar with a +0 spear.
* * * LOW HITPOINT WARNING * * *
The gnoll closely misses you.
As you read the scroll labelled DAITUFOAHU, it crumbles to dust.
You assume a fearsome visage.
The gnoll looks frightened! x3
The centaur zombie is unaffected.
It was a scroll of fear.
The centaur zombie hits you but does no damage.
The centaur zombie barely misses you. x3
Unknown command.
You aren't carrying any potions.
You aren't carrying any potions.
Okay, then.
You hit the centaur zombie.
Flame seeps out of the centaur zombie.
The centaur zombie is lightly damaged.
The centaur zombie is engulfed in blazing flames.
Flame seeps out of the centaur zombie.
The centaur zombie hits you but does no damage.
The centaur zombie closely misses you.
The centaur zombie is engulfed in blazing flames.
Flame seeps out of the centaur zombie.
The centaur zombie hits you but does no damage.
The centaur zombie closely misses you.
A gnoll opens the door.
The centaur zombie is engulfed in blazing flames.
Flame seeps out of the centaur zombie.
The gnoll prays for help.
The centaur zombie closely misses you.
The centaur zombie kicks you but does no damage.
You hit the centaur zombie.
Flame seeps out of the centaur zombie.
The centaur zombie is almost destroyed.
You are no longer glowing.
The centaur zombie is engulfed in blazing flames.
Trog accepts your kill.
The centaur zombie explodes!
The fiery explosion engulfs you!!
You die...

##### #...#
#######...####
+.....g...'.>#
##.###....########
#)# #.#...§○@...#
#)# #.#...°§§...#
#§# #.#.........#
#g# #.#.........#
#.###'#.##g######
#g#..g..##.#######
#g#...............
#.#....###....####
#.#....+......#


You could see 3 gnolls.

Vanquished Creatures
  A phantom (D:4)
  A water moccasin skeleton (D:5)
  3 centaur zombies
  A bullfrog skeleton (D:5)
  A gnoll shaman (D:4)
  Ijyb (D:5)
  3 adders
  3 gnolls (D:4)
  4 worms
  2 dart slugs (D:1)
  5 endoplasms
  2 giant cockroaches
  7 goblins
  8 hobgoblins
  5 kobolds
  4 quokkas
  9 ball pythons
  9 bats
  4 frilled lizards
  6 rats
79 creatures vanquished.

Vanquished Creatures (others)
  An orc (D:5)
1 creature vanquished.

Grand Total: 80 creatures vanquished

Notes
Turn   | Place    | Note
-------+----------+-------------------------------------------
     0 | D:1      | Squid the Minotaur Berserker began the quest for the Orb.
     0 | D:1      | Reached XP level 1. HP: 19/19 MP: 0/0
    60 | D:1      | You fall into a shaft and drop 1 floor!
   160 | D:1      | Reached skill level 4 in Maces & Flails
   160 | D:1      | Reached XP level 2. HP: 18/27 MP: 1/1
   657 | D:1      | Reached XP level 3. HP: 33/33 MP: 2/2
   912 | D:1      | Reached ** piety under Trog
  1457 | D:2      | Found a white marble altar of Elyvilon.
  2176 | D:3      | Reached XP level 4. HP: 38/41 MP: 3/3
  2232 | D:3      | Reached skill level 5 in Maces & Flails
  2770 | D:3      | Found an ornate altar of the Wu Jian Council.
  2879 | D:3      | Found a faded altar of an unknown god.
  2934 | D:3      | Found a shadowy altar of Dithmenos.
  3395 | D:3      | You fall into a shaft and drop 2 floors!
  3395 | D:5      | Entered Level 5 of the Dungeon
  3459 | D:5      | Found a shimmering blue altar of Sif Muna.
  3484 | D:5      | Reached XP level 5. HP: 45/47 MP: 4/4
  3519 | D:5      | Noticed Ijyb
  3531 | D:5      | Killed Ijyb
  4042 | D:5      | Found an opulent altar of Gozag.
  4248 | D:5      | Reached XP level 6. HP: 54/55 MP: 5/5
  4545 | D:4      | Reached *** piety under Trog
  4546 | D:4      | Reached skill level 5 in Fighting
  4561 | D:4      | Reached skill level 6 in Maces & Flails
  4561 | D:4      | Reached skill level 5 in Armour
  4569 | D:4      | HP: 1/56 [gnoll (5)]
  4573 | D:4      | Killed by an exploding centaur zombie... ignited by their
                  | inner flame

Illustrated notes

Levels and vault maps discovered:
D:1:      minmay_arrival_hallway, layout_loops_ring
D:2:      layout_basic, basic_altar
D:3:      layout_basic, mainiacjoe_overflow_surrounded_room,
          mainiacjoe_overflow_alcove_1, lemuel_crystal_altar,
          dreamdust_ecumenical_altar_hidden_monk_grotto
D:4:      layout_basic, minmay_temple_entry_offerings, st_stairs_13, uniq_pikel
D:5:      layout_rooms, mainiacjoe_overflow_boulevard,
          mainiacjoe_overflow_catwalk, uniq_ijyb

Skill      XL: |  1  2  3  4  5  6 |
---------------+-------------------+-----
Maces & Flails | 4 5 6 |  6.2
Fighting       | 4 5 |  5.2
Armour         | 3 4 5 |  5.2
Dodging        | 3 |  3.2
Shields        | |  0.1

Action                   |  1- 3 |  4- 6 || total
-------------------------+-------+-------++-------
Melee: Mace              |    18 |       ||    18
       Headbutt          |    13 |    13 ||    26
       Whip              |    58 |    72 ||   130
Invok: Berserk           |       |     1 ||     1
       Trog's Hand       |       |     1 ||     1
  Use: Scroll            |     5 |     7 ||    12
       Potion            |       |     6 ||     6
Armor: Animal skin       |     4 |       ||     4
       Ring mail         |    22 |    45 ||    67
Dodge: Dodged            |    60 |    61 ||   121
Block: Buckler           |       |    10 ||    10

Table legend: (Time is in decaauts)
 A = Elapsed time spent in this place.
 B = Non-inter-level travel time spent in this place.
 C = Inter-level travel time spent in this place.
 D = Time resting spent in this place.
 E = Time spent auto-exploring this place.
 F = Levels seen in this place.
 G = Mean time per level.
                   A        B        C        D        E       F      G
               +--------+--------+--------+--------+--------+-----+--------+
         Total |   4566 |   4255 |    311 |    920 |   2637 |   5 |  913.2 |
       Dungeon |   4566 |   4255 |    311 |    920 |   2637 |   5 |  913.2 |
               +--------+--------+--------+--------+--------+-----+--------+

Top non-repeatable levels by time:
     D:3: 1517 daAuts
     D:5: 1082 daAuts
     D:1: 966 daAuts
     D:2: 904 daAuts
     D:4: 96 daAuts
